 Dungeon Crawl Stone Soup version 0.19.3-4-gbf9329e (webtiles) character file.

86 TuxedoFelix the Shield-Bearer (level 4, 0/41 HPs)
             Began as a Minotaur Fighter on Jan 28, 2017.
             Succumbed to a kobold's poison
             ... on level 3 of the Dungeon.
             The game lasted 00:10:20 (1693 turns).

TuxedoFelix the Shield-Bearer (Minotaur Fighter)    Turns: 1693, Time: 00:10:21

Health: 0/41       AC: 11    Str: 22    XL:     4   Next: 26%
Magic:  3/3        EV:  4    Int:  9    God:
Gold:   84         SH:  9    Dex:  9    Spells: 0 memorised, 3 levels left

rFire  . . .     SeeInvis .     a - +0 long sword
rCold  . . .     Gourm    .     o - +0 plate armour
rNeg   . . .     Faith    .     c - +0 shield
rPois  .         Spirit   .     (helmet restricted)
rElec  .         Reflect  .     (no cloak)
rCorr  .         Harm     .     (no gloves)
MR     .....                    (no boots)
Stlth  ..........               (no amulet)
                                (no ring)
                                s - +4 ring of intelligence

@: lethally poisoned (0 -> -16)
A: retaliatory headbutt, horns 2
a: no special abilities


You were on level 3 of the Dungeon.
You were not hungry.

You visited 1 branch of the dungeon, and saw 3 of its levels.

You collected 84 gold pieces.

Inventory:

Hand Weapons
 a - a +0 long sword (weapon)
Armour
 c - a +0 shield (worn)
 o - a +0 plate armour (worn)
Jewellery
 s - a +4 ring of intelligence (left hand)
Scrolls
 h - a scroll of remove curse
 n - a scroll of identify
 t - a scroll of blinking {unknown}
Potions
 d - a potion of might
 e - a potion of magic {unknown}
 i - a potion of haste
 k - a potion of heal wounds {unknown}
 l - a potion of brilliance {unknown}
 p - a potion of berserk rage
 q - a potion of degeneration {unknown}
Books
 r - a book of Cantrips

   Spells                             Type                      Level
   a - Confusing Touch                Hexes                        1
   b - Animate Skeleton               Necromancy                   1
   c - Summon Small Mammal            Summoning                    1
   d - Apportation                    Translocation                1
Comestibles
 b - a chunk of flesh
 f - 2 bread rations
 g - 4 meat rations
 m - a beef jerky


   Skills:
 + Level 4.3 Fighting
 + Level 3.2 Long Blades
 + Level 4.3 Armour
 + Level 4.6 Shields


You had 3 spell levels left.
You didn't know any spells.

Dungeon Overview and Level Annotations

Branches:
Dungeon (3/15)

Altars:
Cheibriados
Okawaru
Ru
Trog
Xom


Innate Abilities, Weirdness & Mutations

You reflexively headbutt those who attack you in melee.
You have a pair of horns on your head.


Message History

You feel sick.
* * * LOW HITPOINT WARNING * * *
You feel sick.
You see here a poisoned needle.
* * * LOW HITPOINT WARNING * * *
You feel sick.
You see here a poisoned needle.
An ooze comes into view.
* * * LOW HITPOINT WARNING * * *
You feel sick.
The ooze quivers.
* * * LOW HITPOINT WARNING * * *
You feel sick.
* * * LOW HITPOINT WARNING * * *
You feel sick.
The ooze jiggles.
* * * LOW HITPOINT WARNING * * *
You feel sick. You block the ooze's attack.
You hit the ooze but do no damage.
You die...

######### ##........
##########.<.######
....h...K(.#..#
#######.#.###.#
##########.#..#..###
#...J@...(.........###
#.#######(####.....<..
#.# ........ #.#
.###.### #(# # ### #.#
#.. #.# ..# #.# #.# #


You could see an ooze.

Vanquished Creatures
  4 adders
  An ooze (D:1)
  A worm (D:2)
  A leopard gecko (D:2)
  4 orcs (D:3)
  6 bats
  2 giant cockroaches (D:1)
  3 goblins
  2 hobgoblins
  4 jackals
  5 frilled lizards
  4 kobolds
  3 rats
40 creatures vanquished.

Notes
Turn   | Place    | Note
-------+----------+-------------------------------------------
     0 | D:1      | TuxedoFelix the Minotaur Fighter began the quest for the Orb.
     0 | D:1      | Reached XP level 1. HP: 19/19 MP: 0/0
   199 | D:1      | Reached XP level 2. HP: 27/27 MP: 1/1
   701 | D:2      | Reached XP level 3. HP: 24/33 MP: 2/2
  1392 | D:2      | Found a sacrificial altar of Ru.
  1392 | D:2      | Found a snail-covered altar of Cheibriados.
  1399 | D:2      | Found an iron altar of Okawaru.
  1404 | D:2      | Found a shimmering altar of Xom.
  1406 | D:2      | Found a bloodstained altar of Trog.
  1465 | D:3      | Reached XP level 4. HP: 38/40 MP: 3/3
  1692 | D:3      | HP: 2/41 [poisoned by a kobold]
  1693 | D:3      | Succumbed to a kobold's poison

Skill      XL: |  1  2  3 |
---------------+----------+-----
Shields        | 4 |  4.6
Armour         | 4 |  4.3
Fighting       | 4 |  4.3
Long Blades    | 3 |  3.2

Action                   |  1- 3 |  4- 6 || total
-------------------------+-------+-------++-------
Melee: Long sword        |   111 |    11 ||   122
       Headbutt          |    16 |     1 ||    17
  Use: Potion            |     2 |       ||     2
       Scroll            |     1 |     2 ||     3
  Eat: Chunk             |     2 |     1 ||     3
Armor: Scale mail        |    29 |       ||    29
       Plate armour      |    29 |     5 ||    34
Dodge: Dodged            |    22 |     6 ||    28
Block: Shield            |    66 |    11 ||    77
       Rpst.: Long sword |     7 |     2 ||     9
